 Dungeon Crawl Stone Soup version 0.31-a0-1074-g0b22e4e0f1 (webtiles) character file.

Game seed: 10953044376614488112

39 hito the Trooper (level 3, -2/30 HPs)
             Began as a Formicid Fighter on Dec 4, 2023.
             Slain by a gnoll
             ... wielding a +0 halberd
              (9 damage)
             ... on level 2 of the Dungeon.
             The game lasted 00:01:19 (1133 turns).

hito the Trooper (Formicid Fighter)                 Turns: 1133, Time: 00:01:19

Health: -2/30      AC:  7    Str: 20    XL:     3   Next: 67%
Magic:  3/3        EV:  9    Int:  7    God:
Gold:   59         SH:  5    Dex: 15    Spells: 2/2 levels left

rFire   . . .        a - +0 flail
rCold   . . .        c - +0 buckler
rNeg    . . .        b - +0 scale mail
rPois   .            (helmet unavailable)
rElec   .            (no cloak)
rCorr   .            (no gloves)
SInv    +            (no boots)
Will    .....        (no amulet) Stlth
                     (no ring)
HPRegen 0.25/turn    (no ring)
MPRegen 0.08/turn

%: no passive effects
@: mighty
A: permanent stasis, dig shafts and tunnels, antennae 3, four strong arms
a: Dig, Shaft Self


You were on level 2 of the Dungeon.
You visited 1 branch of the dungeon, and saw 2 of its levels.

You collected 59 gold pieces.

Inventory:

Hand Weapons
 a - a +0 flail (weapon)
Armour
 b - a +0 scale mail (worn)
 c - a +0 buckler (worn)
Jewellery
 n - an amulet of magic regeneration
Scrolls
 f - 2 scrolls of identify {unknown}
 i - a scroll of fog {unknown}
 k - a scroll of immolation {unknown}
Potions
 e - 2 potions of haste {unknown}
 g - 2 potions of lignification {unknown}
 h - a potion of degeneration {unknown}
 j - a potion of magic {unknown}
 l - a potion of curing {unknown}
 m - a potion of resistance {unknown}


   Skills:
 + Level 4.1 Fighting
 - Level 2.0 Maces & Flails
 + Level 4.1 Armour
 - Level 4.0 Shields


You had 2 spell levels left.
You didn't know any spells.
Your spell library was empty.

Dungeon Overview and Level Annotations

Branches:
Dungeon (2/15)

Altars:


Innate Abilities, Weirdness & Mutations

You cannot be hasted, slowed, berserked, paralysed or teleported.
You can dig through walls and to a lower floor.
You have a pair of large antennae on your head. (SInv)
Your four strong arms can wield two-handed weapons with a shield.


Message History

The gnoll barely misses you.
You barely miss the gnoll.
The gnoll is lightly wounded.
The gnoll hits you from afar with a +0 spear.
You block the gnoll's attack.
You thump the endoplasm!
You kill the endoplasm!
You block the gnoll's attack. The gnoll closely misses you.
The gnoll hits you with a +0 club. The gnoll attacks as it pursues you!
The gnoll barely misses you.
A rat comes into view.
The gnoll attacks as it pursues you! You block the gnoll's attack.
The rat closely misses you.
You hit the rat.
You kill the rat!
The gnoll hits you but does no damage. You block the gnoll's attack.
You closely miss the gnoll.
The gnoll is lightly wounded.
The gnoll barely misses you. The gnoll hits you with a +0 club.
You closely miss the gnoll.
The gnoll is lightly wounded.
You block the gnoll's attack. x2; The gnoll hits you but does no damage.
The gnoll barely misses you. The gnoll attacks as it pursues you!
The gnoll completely misses you.
You thump the gnoll!
The gnoll is almost dead.
The gnoll closely misses you. The gnoll hits you with a +0 club.
You hit the gnoll but do no damage.
The gnoll is almost dead.
The gnoll hits you but does no damage. x2
Okay, then.
You feel very mighty all of a sudden. You block the gnoll's attack.
The gnoll hits you with a +0 club.
You sock the gnoll!
You kill the gnoll!
The gnoll hits you from afar with a +0 halberd!
* * * LOW HITPOINT WARNING * * *
The gnoll barely misses you. The gnoll hits you with a +0 halberd!
You die...

### #.. ..# #.#
#.# #.# #.#
.#.####.######.#
............##.#
#.# #.##.# #@#
#.##.# #g###.##.#
#gg{.g...#
#####.#### #+
#...# ...
###.#.### ....
#{..#...# ....<
#.#####.#
....J.###...#...#


You could see 3 gnolls.

Vanquished Creatures
  A gnoll (D:2)
  2 dart slugs (D:1)
  3 endoplasms
  4 jackals (D:1)
  A kobold (D:1)
  4 quokkas (D:1)
  A bat (D:1)
  4 frilled lizards
  2 goblins (D:1)
  2 rats
24 creatures vanquished.

Notes
Turn   | Place    | Note
-------+----------+-------------------------------------------
     0 | D:1      | hito the Formicid Fighter began the quest for the Orb.
     0 | D:1      | Reached XP level 1. HP: 18/18 MP: 1/1
   271 | D:1      | Reached XP level 2. HP: 21/24 MP: 2/2
   551 | D:1      | Reached XP level 3. HP: 22/30 MP: 3/3
  1133 | D:2      | Slain by a gnoll

Illustrated notes

Levels and vault maps discovered:
D:1:      erik_arrival_triangle_small, layout_loops_ring, nicolae_eternal_life
D:2:      layout_loops_corners, ebering_ecumenical_altar_box

Skill      XL: |  1  2  3 |
---------------+----------+-----
Fighting       | 4 |  4.1
Armour         | 4 |  4.1
Maces & Flails | |  2.0
Shields        | |  4.0

Action                     || total
---------------------------++-------
  Melee: Flail             ||    74
    Use: Potion            ||     1
 Armour: Scale mail        ||    57
  Dodge: Dodged            ||    44
  Block: Buckler           ||    27

Table legend: (Time is in decaauts)
 A = Elapsed time spent in this place.
 B = Non-inter-level travel time spent in this place.
 C = Inter-level travel time spent in this place.
 D = Time resting spent in this place.
 E = Time spent auto-exploring this place.
 F = Levels seen in this place.
 G = Mean time per level.
                   A        B        C        D        E       F      G
               +--------+--------+--------+--------+--------+-----+--------+
         Total |   1157 |   1106 |     51 |     49 |    847 |   2 |  578.5 |
       Dungeon |   1157 |   1106 |     51 |     49 |    847 |   2 |  578.5 |
               +--------+--------+--------+--------+--------+-----+--------+

Top non-repeatable levels by time:
     D:1: 1037 daAuts
     D:2: 120 daAuts
